 Dungeon Crawl Stone Soup version 0.28-a0-8-g6e044cfa68 (webtiles) character file.

Game seed: 9798968169576477330

44 bande the Skirmisher (level 3, 24/24 HPs)
             Began as a Gargoyle Fighter on July 24, 2021.
             Quit the game on level 2 of the Dungeon.
             The game lasted 00:02:11 (1365 turns).

bande the Skirmisher (Gargoyle Fighter)             Turns: 1365, Time: 00:02:12

Health: 24/24      AC:  9    Str: 17    XL:     3   Next: 60%
Magic:  3/3        EV:  2    Int:  8    God:
Gold:   31         SH:  9    Dex: 16    Spells: 2/2 levels left

rFire   . . .      SeeInvis .   a - +0 war axe
rCold   + . .      Faith    .   c - +0 kite shield
rNeg    + . .      Spirit   .   h - +0 plate armour
rPois   ∞          Reflect  .   (no helmet)
rElec   +          Harm     .   (no cloak)
rCorr   .          Rampage  .   (no gloves)
Will    .....                   (no boots)
Stlth   ..........              (no amulet)
HPRegen 0.08/turn               i - +6 ring of dexterity
MPRegen 0.08/turn               (no ring)

@: no status effects
A: sickness immunity, AC +3, negative energy resistance 1, electricity
resistance, torment resistance 1, petrification resistance, cold resistance 1,
deformed body, weak 1
a: no special abilities


You were on level 2 of the Dungeon.
You visited 1 branch of the dungeon, and saw 2 of its levels.

You collected 31 gold pieces.

Inventory:

Hand Weapons
 a - a +0 war axe (weapon)
Armour
 c - a +0 kite shield (worn)
 h - a +0 plate armour (worn)
Jewellery
 i - a +6 ring of dexterity (left hand)
Scrolls
 f - a scroll of teleportation {unknown}
Potions
 d - 4 potions of might


   Skills:
 + Level 3.8 Fighting
 + Level 2.4 Axes
 + Level 3.4 Armour
 + Level 3.7 Shields


You had 2 spell levels left.
You didn't know any spells.
Your spell library contained the following spells:

 Spells                   Type           Power      Damage    Failure   Level
 Stone Arrow              Conj/Erth      0%         3d7       100%        3
 Bolt of Magma            Conj/Fire/Erth 0%         4d4       100%        5
 Shatter                  Erth           0%         3d5*      100%        9


Dungeon Overview and Level Annotations

Branches:
Dungeon (2/15)

Altars:


Innate Abilities, Weirdness & Mutations

You are immune to sickness and miasma.
Your stone body is resilient. (AC +3)
You are immune to poison.
You resist negative energy. (rN+)
You are resistant to electric shocks. (rElec)
You are resistant to unholy torment.
You are immune to petrification.
Your flesh is cold resistant. (rC+)
Armour fits poorly on your strangely shaped body.
You are weak. (Str -2)


Message History

The gnoll is moderately wounded.
You closely miss the kobold. You block the gnoll's attack.
The kobold hits you but does no damage. The gnoll hits you but does no damage.
The kobold completely misses you.
You closely miss the gnoll.
The gnoll is moderately wounded.
You hit the kobold.
You kill the kobold!
You block the gnoll's attack. The gnoll hits you but does no damage.
You closely miss the gnoll.
The gnoll is moderately wounded.
The gnoll hits you but does no damage.
You hit the gnoll.
The gnoll is heavily wounded.
The gnoll hits you with a +0 whip. The gnoll hits you but does no damage.
You hit the gnoll.
The gnoll is almost dead.
The gnoll hits you but does no damage.
You hit the gnoll but do no damage.
The gnoll is almost dead.
The gnoll hits you but does no damage. You block the gnoll's attack.
You slash the gnoll!
You kill the gnoll!
No target in view!
No target in view!
No target in view!
No target in view!
HP restored.
Things that are here:
a +0 whip; a gnoll corpse
Things that are here:
a +0 whip; 3 stones
e - a scroll of identify
f - a scroll labelled CUOWUFRASCHO
As you read the scroll of identify, it crumbles to dust.
b - a potion of mutation Really quaff the potion of mutation?
You feel extremely strange.
Your body twists and deforms.
You feel resistant to cold.
You feel weaker.
Are you sure you want to abandon this character and quit the game? (Confirm with "yes".)

#...# #...........#
#####...#######..#.......#...#
..............!..............#
.................#....>..#...#
..................)..........#
#####...######.###)......#...#
##...######.##..........###
#....).<.##.###.#.#.#.###
#....#†#.###@...#######
#....#.#.# ####.# #.....<#.#
#.. #......#.# #.. #..##.....
.#. #.. .....# ........... #
##.....#. ##...##.#


There were no monsters in sight!

Vanquished Creatures
  A gnoll (D:2)
  5 endoplasms (D:1)
  A giant cockroach (D:2)
  A goblin (D:1)
  5 hobgoblins
  2 jackals (D:1)
  A kobold (D:2)
  3 quokkas (D:1)
  3 ball pythons (D:1)
  3 bats (D:1)
  3 frilled lizards (D:1)
  2 rats (D:1)
30 creatures vanquished.

Notes
Turn   | Place    | Note
-------+----------+-------------------------------------------
     0 | D:1      | bande the Gargoyle Fighter began the quest for the Orb.
     0 | D:1      | Reached XP level 1. HP: 14/14 MP: 1/1
   224 | D:1      | Reached XP level 2. HP: 17/19 MP: 2/2
   615 | D:1      | Reached XP level 3. HP: 13/24 MP: 3/3
   779 | D:1      | Found a faded altar of an unknown god.
  1364 | D:2      | Gained mutation: Armour fits poorly on your strangely
                  | shaped body. [potion of mutation]
  1364 | D:2      | Gained mutation: Your flesh is cold resistant. (rC+)
                  | [potion of mutation]
  1364 | D:2      | Gained mutation: You are weak. (Str -2) [potion of
                  | mutation]
  1365 | D:2      | Quit the game

Illustrated notes

Levels and vault maps discovered:
D:1:      psy_arrival_terrarium, layout_loops_ring,
          dilly_ecumenical_altar_fadedgnrine
D:2:      layout_loops_cross, basic_altar, st_stairs_4,
          ebering_dispersal_statue_hall, serial_park_tiny_1, minmay_pentomino_q4

Skill      XL: |  1  2 |
---------------+-------+-----
Axes           | 2 |  2.4
Fighting       | |  3.8
Armour         | |  3.4
Shields        | |  3.7

Action                   || total
-------------------------++-------
Melee: War axe           ||    63
  Use: Potion            ||     3
       Scroll            ||     2
Armor: Scale mail        ||     6
       Plate armour      ||    26
Dodge: Dodged            ||    13
Block: Kite shield       ||    34

Table legend: (Time is in decaauts)
 A = Elapsed time spent in this place.
 B = Non-inter-level travel time spent in this place.
 C = Inter-level travel time spent in this place.
 D = Time resting spent in this place.
 E = Time spent auto-exploring this place.
 F = Levels seen in this place.
 G = Mean time per level.
                   A        B        C        D        E       F      G
               +--------+--------+--------+--------+--------+-----+--------+
         Total |   1404 |   1383 |     21 |    127 |   1023 |   2 |  702.0 |
       Dungeon |   1404 |   1383 |     21 |    127 |   1023 |   2 |  702.0 |
               +--------+--------+--------+--------+--------+-----+--------+

Top non-repeatable levels by time:
     D:1: 1274 daAuts
     D:2: 129 daAuts
